Map: Acropolis LE

Players

Djorn - Winner!

  • Race: Protoss Protoss
  • League: Bronze
  • Spawn Location: 11:00

A.I. 1 (Medium)

  • Race: Zerg Zerg
  • Spawn Location: 5:00

VOD

Have the link to the VOD?

Description

Time

  • Played on: Aug. 25, 2019, 3:59 p.m.
  • Length: 5:19
Show
View Real Time Build Order
Export as new Build Order

Djorn Protoss - Winner!

Build Orders:  

Get SALT Encoding   

  12  0:02  Probe  
  13  0:15  Probe  
  13  0:20  Pylon  
  14  0:27  Probe  
  15  0:42  Gateway  
  15  0:45  Probe  
  16  1:00  Gateway  
  16  1:05  Assimilator  
  16  1:27  Assimilator  
  16  1:28  Probe  
  17  1:40  Probe  
  17  1:42  Gateway  
  18  1:52  Pylon, Probe  
  19  2:01  Zealot  
  19  2:02  Zealot  
  23  2:16  Pylon  
  23  2:27  Cybernetics Core  
  23  2:33  Zealot x2  
  27  2:43  Probe  
  28  2:55  Probe  
  29  2:59  Warp Gate  
  29  3:07  Probe  
  29  3:10  Stalker  
  29  3:11  Stalker  
  34  3:16  Stalker  
  36  3:20  Probe  
  37  3:32  Probe  
  38  3:36  Pylon  
  38  3:55  Gateway  
  38  4:10  Gateway  
  38  4:14  Gateway  
  38  4:18  Pylon  
  38  4:52  Zealot  
  40  4:54  Adept x2  
Show
View Real Time Build Order
Export as new Build Order

A.I. 1 (Medium) Zerg 

Build Orders: 1 Base Baneling Bust, Pool Only 

Get SALT Encoding   

  12  0:00  Drone  
  13  0:12  Overlord  
  13  0:16  Drone  
  14  0:30  Drone  
  14  0:33  Drone  
  16  0:43  Spawning Pool  
  16  0:44  Drone  
  16  0:48  Drone  
  17  0:51  Extractor  
  17  0:55  Drone  
  17  1:06  Overlord  
  17  1:29  Queen  
  17  1:31  Zergling x2  
  20  1:35  Roach Warren  
  20  1:37  Extractor  
  20  1:38  Drone  
  19  1:46  Zergling x2  
  20  1:49  Drone  
  21  2:00  Drone  
  22  2:10  Overlord  
  22  2:21  Roach  
  24  2:36  Overlord, Roach  
  26  2:51  Roach  
  28  3:00  Drone  
  28  3:04  Drone  
  30  3:06  Roach  
  32  3:13  Overlord  
  32  3:17  Drone  
  33  3:21  Drone, Roach  
  36  3:29  Drone  
  37  3:38  Baneling Nest  
  37  3:40  Drone, Roach  
  39  3:43  Drone  
  39  3:46  Evolution Chamber  
  39  3:48  Drone  
  40  3:55  Roach  
  44  4:10  Roach  
Tags
 
Add a new tag
Caveats
  • Supply blocks, unpowered buildings, or Contaminate may cause inaccurate times.
  • Supply counts are checked every 10 seconds.